 Dungeon Crawl Stone Soup version 0.22-a0-247-gbddf880 (webtiles) character file.

26 Gorglomux the Ducker (level 2, -3/23 HPs)
             Began as a Minotaur Fire Elementalist on Feb 26, 2018.
             Slain by a worm (6 damage)
             ... on level 2 of the Dungeon.
             The game lasted 00:01:05 (1265 turns).

Gorglomux the Ducker (Minotaur Fire Elementalist)   Turns: 1265, Time: 00:01:06

Health: -3/23      AC:  6    Str: 12    XL:     2   Next: 89%
Magic:  3/3        EV: 11    Int: 12    God:
Gold:   87         SH:  0    Dex: 10    Spells: 2/3 levels left

rFire    . . .     SeeInvis .   i - +0 whip
rCold    + . .     Gourm    .   (no shield)
rNeg     . . .     Faith    .   g - +0 ring mail
rPois    .         Spirit   .   (helmet restricted)
rElec    .         Reflect  .   n - +0 cloak
rCorr    .         Harm     .   (no gloves)
MR       .....                  (no boots)
Stlth    +.........             (no amulet)
HPRegen  0.07/turn              c - ring of protection from cold
MPRegen  0.08/turn              (no ring)

@: no status effects
A: retaliatory headbutt, horns 2
a: no special abilities


You were on level 2 of the Dungeon.
You were not hungry.

You visited 1 branch of the dungeon, and saw 2 of its levels.

You collected 87 gold pieces.

Inventory:

Hand Weapons
 i - a +0 whip (weapon)
Armour
 g - a +0 ring mail (worn)
 n - a +0 cloak (worn)
Jewellery
 c - a ring of protection from cold (left hand)
 p - a cursed -3 ring of intelligence {unknown}
Scrolls
 f - 2 scrolls of remove curse {unknown}
 k - a scroll of identify {unknown}
 l - a scroll of teleportation {unknown}
Potions
 e - a potion of flight {unknown}
 q - a potion of heal wounds {unknown}
Comestibles
 b - 2 rations
 r - 2 chunks of flesh


   Skills:
 + Level 1.6 Fighting
 + Level 1.6 Armour
 + Level 2.8 Dodging
 - Level 1.5 Stealth
 - Level 1.3 Spellcasting
 - Level 0.6 Conjurations
 - Level 2.1 Fire Magic


You had 2 spell levels left.
You knew the following spells:

 Your Spells              Type           Power        Failure   Level  Hunger
a - Flame Tongue          Conj/Fire      #....        36%         1    ##.....


Dungeon Overview and Level Annotations

Branches:
Dungeon (2/15)

Altars:


Innate Abilities, Weirdness & Mutations

You reflexively headbutt those who attack you in melee.
You have a pair of horns on your head.


Message History

The butt bites butt!
You punish the worm, causing immense pain!
The worm is lightly wounded!
You punish the worm, causing immense pain!
The worm is moderately wounded!
The worm closely misses you!
You punish the worm, causing immense pain!
The worm is heavily butt!
The worm bites you!
You completely miss the worm!
Butt's headbutt misses the worm!
The worm is heavily wounded!
You punish the butt but do no damage!
The worm is heavily wounded!
The worm bites you!!! * * * don't die
* * * You are too injured to fight recklessly!!!
You punish the butt, causing butt pain!
Your headbutt misses the worm!
The worm is heavily wounded!
The worm bites you! rip

##################
#............#...<
#.##########.#.###
#.# #.#.#
#.##########.#.###
#.................
#@####.....>...###
#w# #.#####.###
#.# #.# #.. ..#
#.# #### #.# #.#
#.#


You could see a worm.

Vanquished Creatures
  A dart slug (D:1)
  A leopard gecko (D:1)
  A bat (D:1)
  A giant cockroach (D:1)
  2 goblins (D:1)
  4 hobgoblins
  6 jackals (D:1)
  A kobold (D:1)
  2 rats (D:1)
19 creatures vanquished.

Notes
Turn   | Place    | Note
-------+----------+-------------------------------------------
     0 | D:1      | Gorglomux the Minotaur Fire Elementalist began the quest for the Orb.
     0 | D:1      | Reached XP level 1. HP: 14/14 MP: 1/1
   200 | D:1      | Reached skill level 1 in Fighting
   200 | D:1      | Reached skill level 1 in Armour
   200 | D:1      | Reached XP level 2. HP: 8/23 MP: 3/3
  1265 | D:2      | Slain by a worm

Vault maps used:
D:1:      minmay_arrival_cross
D:2:      grunt_temple_overflow_open

Skill      XL: |  1 |
---------------+----+-----
Fighting       | 1 |  1.6
Armour         | 1 |  1.6
Dodging        | |  2.8
Stealth        | |  1.5
Spellcasting   | |  1.3
Conjurations   | |  0.6
Fire Magic     | |  2.1

Action                   || total
-------------------------++-------
Melee: Unarmed           ||    19
       Whip              ||    61
       Headbutt          ||     8
 Cast: Flame Tongue      ||     1
  Eat: Chunk             ||     1
Armor: Ring mail         ||    36
       Robe              ||     3
Dodge: Dodged            ||    56

Table legend:
 A = Spawn XP
 B = Non-spawn XP
 C = Spawn XP percentage of total XP
 D = Spawn monster count
 E = Non-spawn monster count
 F = Spawn count percentage of total count
 G = Total turns spent on level
                    A         B        C        D         E        F      G
               +---------+---------+-------+---------+---------+-------+---------
         Total |       0 |      38 |   0.0 |       0 |      19 |   0.0 |  1265
               +---------+---------+-------+---------+---------+-------+---------
           D:1 |       0 |      36 |   0.0 |       0 |      18 |   0.0 |  1224
           D:2 |       0 |       2 |   0.0 |       0 |       1 |   0.0 |    41
               +---------+---------+-------+---------+---------+-------+---------
